 Dungeon Crawl Stone Soup version 0.25-a0-251-g572059c536 (webtiles) character file.

Game seed: 9573383617296820639, levelgen mode: classic

455 Borgoz the Covered (level 7, 0/48 HPs)
             Began as a Halfling Fighter on Dec 4, 2019.
             Was an Initiate of Okawaru.
             Slain by Sigmund
             ... wielding a +0 scythe
              (9 damage)
             ... on level 3 of the Dungeon.
             The game lasted 00:05:10 (3144 turns).

Borgoz the Covered (Halfling Fighter)               Turns: 3144, Time: 00:05:10

Health: 0/48       AC:  8    Str: 15 (18) XL:     7   Next: 26%
Magic:  7/7        EV:  9    Int:  5 (6)  God:    Okawaru [......]
Gold:   130        SH: 10    Dex: 13 (15) Spells: 6/6 levels left

rFire    . . .     SeeInvis .   a - +1 rapier
rCold    . . .     Gourm    .   c - +0 shield
rNeg     . . .     Faith    .   h - +1 scale mail
rPois    .         Spirit   .   (helmet restricted)
rElec    .         Reflect  .   (no cloak)
rCorr    .         Harm     .   (no gloves)
MR       .....                  (no boots)
Stlth    ..........             (no amulet)
HPRegen  0.16/turn              (no ring)
MPRegen  0.10/turn              (no ring)

@: lightly drained
A: small, horns 1, mutation resistance 1
a: Renounce Religion


You were on level 3 of the Dungeon.
You worshipped Okawaru.
Okawaru was noncommittal.
You were hungry.

You visited 2 branches of the dungeon, and saw 5 of its levels.
You also visited: Sewer.

You collected 130 gold pieces.

Inventory:

Hand Weapons
 a - a +1 rapier (weapon)
 b - a +1 short sword of holy wrath
 d - a +1 dagger of draining
Armour
 c - a +0 shield (worn)
 h - a +1 scale mail (worn)
Scrolls
 e - a scroll of blinking {unknown}
Potions
 g - a potion of mutation
 i - a potion of degeneration
 l - a potion of resistance {unknown}
Comestibles
 f - 7 rations


   Skills:
 + Level 4.1(4.0) Fighting
 + Level 4.8(4.6) Short Blades
 + Level 5.1(4.9) Armour
 + Level 5.0(4.8) Shields


You had 6 spell levels left.
You didn't know any spells.
Your spell library was empty.

Dungeon Overview and Level Annotations

Branches:
Dungeon (4/15)             Temple (1/1) D:4           Sewer (visited)

Altars:
Ashenzari
Dithmenos
Gozag
Hepliaklqana
Makhleb
Okawaru
Qazlal
Ru
Trog
Uskayaw
Vehumet
Wu Jian
Xom
Yredelemnul
The Shining One
Lugonu

Annotations:
D:3 Sigmund


Innate Abilities, Weirdness & Mutations

You are small and have problems with some larger weapons.
You are somewhat resistant to further mutation.
You have a pair of small horns on your head.


Message History

Something hits you!
You puncture the orc!
You kill the orc!
Okawaru accepts your kill. Something hits you but does no damage.
Items here: )))))) ? [ ††††† You hit something.
You headbutt something. The orc barely misses you. Something hits you.
You block the orc priest's attack.
You hit the orc priest but do no damage.
You headbutt the orc priest.
The orc priest is lightly wounded.
The orc completely misses you. Something hits you!
* * * LOW HITPOINT WARNING * * *
You closely miss the orc priest.
You headbutt the orc priest, but do no damage.
The orc priest is lightly wounded.
The orc priest hits you but does no damage.
Something hits you!
You die...

********,* ***,,*,#####* #####
*,,,,*,#....* #....
*,,,,*,#....########### #.###
*,,,,,,...............#####....
*****,,,,...................#....
,,,,,,,,,...............###.#....
,,,,,,*,,........##+#............
,,,,,**,,.......@##.#.###........
,,,,,,,,,......##o..#.#*#.....#..
**,*,,,*,......#..{.+#.*#......#.
***,,,,,*.......#...#,#........#.
,,,*,*,*+......#....'#...........
,,,+*,*,*......,....#.....###..#.
,,,*,*,*,#.#+#,....#.#....,**..#.
,,,,*,*,*,*,*,,...#.#+...,,**,,#,
,,,*,*,*,*,*,*......,*,..,,,*,,*,


You could see an orc priest.

Vanquished Creatures
  Purgy (Sewer)
  A scorpion (D:4)
  A hound (D:4)
  A bullfrog skeleton (D:4)
  2 orc priests
  An orc wizard (D:4)
  6 adders (D:2)
  2 river rats (D:3)
  2 worms (D:2)
  A dart slug (D:2)
  2 leopard geckos
  13 orcs
  3 giant cockroaches
  3 goblins
  7 hobgoblins
  7 jackals (D:2)
  A quokka (D:3)
  2 ball pythons
  5 bats
  4 frilled lizards
  9 kobolds
  4 rats
78 creatures vanquished.

Vanquished Creatures (others)
  A rat (D:3)
1 creature vanquished.

Grand Total: 79 creatures vanquished

Notes
Turn   | Place    | Note
-------+----------+-------------------------------------------
     0 | D:1      | Borgoz the Halfling Fighter began the quest for the Orb.
     0 | D:1      | Reached XP level 1. HP: 15/15 MP: 1/1
   177 | D:1      | Reached XP level 2. HP: 20/20 MP: 2/2
   678 | D:2      | Reached XP level 3. HP: 21/26 MP: 3/3
  1218 | D:2      | Reached XP level 4. HP: 31/31 MP: 4/4
  1375 | D:2      | Found a glowing golden altar of the Shining One.
  1603 | D:2      | Found a shimmering altar of Xom.
  1614 | D:2      | Found a stormy altar of Qazlal.
  1712 | D:2      | Reached XP level 5. HP: 36/36 MP: 5/5
  1744 | D:2      | Found a basalt altar of Yredelemnul.
  1906 | D:3      | Found a glowing drain.
  1944 | D:3      | Noticed Sigmund
  1964 | Sewer    | Entered a sewer
  2081 | Sewer    | Noticed Purgy
  2101 | Sewer    | Killed Purgy
  2101 | Sewer    | Reached XP level 6. HP: 22/43 MP: 6/6
  2365 | D:3      | Gained mutation: You have a pair of small horns on your
                  | head. [potion of mutation]
  2517 | D:4      | Found a staircase to the Ecumenical Temple.
  2562 | Temple   | Entered the Ecumenical Temple
  2671 | Temple   | Became a worshipper of Warmaster Okawaru
  2797 | D:4      | Reached XP level 7. HP: 36/48 MP: 7/7
  2829 | D:4      | Reached skill level 5 in Armour
  2837 | D:4      | Reached skill level 5 in Shields
  3144 | D:3      | Slain by Sigmund

Levels and vault maps discovered:
D:1:      zelgadis_glass_arrival_small, layout_loops_ring, grunt_decor_arrowhead
D:2:      layout_loops_ring, lemuel_round_altar,
          amethyst_overflow_temple_binary, tso_altar
D:3:      layout_basic, portal_sewer_entry_c, first_ration, uniq_sigmund
D:4:      layout_cave_pods, elyvilon_altar_4,
          minmay_temple_entry_statues_pillars
Temple:   kb_corrupted_temple

Skill      XL: |  1  2  3  4  5  6  7 |
---------------+----------------------+-----
Fighting       | 3 4 |  4.1
Short Blades   | 3 4 |  4.8
Armour         | 4 5 |  5.1
Shields        | 4 5 |  5.0

Action                   |  1- 3 |  4- 6 |  7- 9 || total
-------------------------+-------+-------+-------++-------
Melee: Short sword       |    20 |       |       ||    20
       Rapier            |    92 |   171 |    57 ||   320
       Headbutt          |       |     4 |    10 ||    14
  Use: Potion            |     1 |     6 |     3 ||    10
       Scroll            |       |     7 |       ||     7
 Stab: Invisible         |       |     3 |       ||     3
  Eat: Chunk             |     1 |     5 |     1 ||     7
Armor: Scale mail        |    43 |    75 |    19 ||   137
Dodge: Dodged            |    34 |    78 |    13 ||   125
Block: Shield            |    49 |    94 |    24 ||   167

Table legend:
 A = Non-vault XP
 B = Vault XP
 C = Vault XP percentage of total XP
 D = Non-vault monster count
 E = Vault monster count
 F = Vault count percentage of total count
                 A         B        C        D         E       F
            +---------+---------+-------+---------+---------+-------
      Total |     490 |     161 |  24.7 |      67 |      11 |  14.1
            +---------+---------+-------+---------+---------+-------
        D:1 |      22 |       0 |   0.0 |      14 |       0 |   0.0
        D:2 |     122 |       0 |   0.0 |      24 |       0 |   0.0
        D:3 |      93 |      28 |  23.1 |      21 |       4 |  16.0
        D:4 |     253 |       1 |   0.4 |       8 |       1 |  11.1
      Sewer |       0 |     132 | 100.0 |       0 |       6 | 100.0
            +---------+---------+-------+---------+---------+-------
